 Dungeon Crawl Stone Soup version 0.31-a0-704-g1016066182 (webtiles) character file.

Game seed: 10388754186753945566

20416 Ordine the Grappler (level 12, -3/126 HPs)
             Began as an Octopode Shapeshifter on Sept 9, 2023.
             Was a High Priest of Dithmenos.
             Slain by a wolf (5 damage)
             ... on level 1 of the Lair of Beasts.
             The game lasted 00:33:14 (13182 turns).

Ordine the Grappler (Octopode Shapeshifter)        Turns: 13182, Time: 00:33:14

Health: -3/126     AC: 26    Str: 20    XL:     12   Next: 79%
Magic:  0/24       EV:  2    Int: 12    God:    Dithmenos [*****.]
Gold:   445        SH:  0    Dex: 24    Spells: 11/11 levels left

rFire   . .          .
                       - Unarmed
rCold   . . .        (no shield)
rNeg    . . .        (helmet currently unavailable)
rPois   +            l - amulet of guardian spirit
rElec   .            d - ring of resist corrosion
rCorr   +            i - ring of Plog {MP+9 Str+2 SInv}
SInv    +            v - +6 ring of dexterity
Will    +....        C - +4 ring of slaying
Stlth   ++++++++     G - ring of willpower
HPRegen 0.41/turn    L - +6 ring of dexterity
MPRegen 0.19/turn    (no ring)
                     (no ring)

%: guardian spirit
@: tree-form, wreathed by umbra
A: stationary, stasis, torment immunity, boosted hp, almost no armour,
(amphibious), 8 rings, (camouflage 1), (gelatinous body 1), (nimble swimmer 1),
(tentacles)
a: Renounce Religion, Shadow Step, Shadow Form


You were on level 1 of the Lair of Beasts.
You worshipped Dithmenos.
Dithmenos was extremely pleased with you.
You were a tree.
You visited 3 branches of the dungeon, and saw 12 of its levels.
You also visited: Sewer.

You collected 730 gold pieces.
You spent 285 gold pieces at shops.

Inventory:

Jewellery
 d - a ring of resist corrosion (left branch)
 i - the ring of Plog (right branch) {MP+9 Str+2 SInv}
   (You acquired it on level 3 of the Dungeon)

   [ring of magical power]

   Str+2:     It affects your strength (+2).
   MP+9:      It affects your magic capacity (+9).
   SInv:      It lets you see invisible.
 l - an amulet of guardian spirit (around neck)
 v - a +6 ring of dexterity (on tentacle)
 C - a +4 ring of slaying (on tentacle)
 F - an amulet of reflection
 G - a ring of willpower (on tentacle)
 L - a +6 ring of dexterity (on tentacle)
Talismans
 b - a beast talisman
 c - a flux talisman
 D - a blade talisman
Wands
 n - a wand of paralysis (3)
 s - a wand of acid (13)
 t - a wand of digging (5)
 u - a wand of flame (26)
 H - a wand of polymorph (4)
Scrolls
 e - a scroll of silence
 f - 3 scrolls of teleportation
 h - a scroll of blinking
 q - a scroll of poison
 w - 2 scrolls of revelation
 y - 5 scrolls of immolation
 z - 2 scrolls of torment
 A - 3 scrolls of enchant armour
 B - a scroll of vulnerability
 I - a scroll of noise
 M - a scroll of summoning
 N - a scroll of amnesia {unknown}
Potions
 g - 2 potions of haste {unknown}
 j - a potion of mutation {unknown}
 k - 2 potions of curing
 m - 2 potions of brilliance {unknown}
 o - a potion of invisibility {unknown}
 p - 3 potions of berserk rage {unknown}
 r - 2 potions of resistance {unknown}
 x - a potion of attraction {unknown}
 E - a potion of magic {unknown}
 J - a potion of might {unknown}
 K - a potion of ambrosia {unknown}


   Skills:
 + Level 8.8 Fighting
 + Level 9.0 Dodging
 - Level 10.0 Stealth
 * Level 12.6 Unarmed Combat
 + Level 4.8 Invocations
 + Level 8.3 Shapeshifting


You had 11 spell levels left.
You didn't know any spells.
Your spell library contained the following spells:

 Spells                   Type           Power      Damage    Failure   Level
 Anguish                  Hex/Necr       0%         N/A       97%         4
 Cause Fear               Hex            0%         N/A       97%         4
 Enfeeble                 Hex            0%         N/A       100%        7


Dungeon Overview and Level Annotations

Branches:
Dungeon (10/15)            Temple (1/1) D:4            Lair (1/5) D:9
    Orc (0/2) D:10          Sewer (visited)

Altars:
Ashenzari
Cheibriados
Dithmenos
Elyvilon
Fedhas
Gozag
Hepliaklqana
Kikubaaqudgha
Makhleb
Nemelex Xobeh
Okawaru
Qazlal
Ru
Sif Muna
Trog
Uskayaw
Vehumet
Wu Jian
Xom
Yredelemnul
Zin
The Shining One

Shops:
D:2 (![!*   D:6 (!*   D:7 (


Innate Abilities, Weirdness & Mutations

You are a tree.
Your roots penetrate the ground, keeping you stationary.
You cannot be teleported.
You are immune to unholy pain and torment.
Your maximum health is greatly increased.
You cannot wear most types of armour.
((You are amphibious.))
You can wear up to eight rings at the same time.
((Your skin changes colour to match your surroundings (Stealth+).))
((Your rubbery body absorbs attacks. (AC +1, EV +1)))
((You are camouflaged when in or above water. (Stealth+)))
((You have tentacles for arms and can constrict up to eight enemies at once.))


Message History

A wolf comes into view.
The wolf barely misses you.
The wolf howls!
You tentacle-slap the torpor snail. You squeeze the torpor snail!
The torpor snail is heavily wounded.
The wolf barely misses you. The yak gores you. The wolf bites you!
The torpor snail bites you!!
* * * LOW HITPOINT WARNING * * *
The wolf misses you.
Okay, then.
Your transformation has ended.
You turn into a tree.
Your roots penetrate the ground.
You feel yourself speed up.
The wolf bites you but does no damage. x3; The yak gores you!
* * * LOW HITPOINT WARNING * * *
A wolf comes into view.
The wolf bites you but does no damage. The torpor snail bites you.
* * * LOW HITPOINT WARNING * * *
Being near the torpor snail leaves you feeling lethargic.
The wolf bites you but does no damage. The yak barely misses you.
You pummel the torpor snail!!
You punch the torpor snail, but do no damage.
The torpor snail is almost dead.
You feel yourself speed up.
The wolf bites you but does no damage. x2; The yak completely misses you.
The wolf bites you.
* * * LOW HITPOINT WARNING * * *
The torpor snail bites you!
* * * LOW HITPOINT WARNING * * *
Being near the torpor snail leaves you feeling lethargic.
The wolf bites you but does no damage.
Unknown command.
Okay, then.
Okay, then.
You feel better.
You feel yourself speed up. The wolf bites you.
* * * LOW HITPOINT WARNING * * *
The wolf bites you but does no damage. x2; The wolf bites you.
You die...

....... .......
....... ##..
....... +.+.#
....... ##+#.#..#
.......##P..# #.##
......hh#...###.P#
....h.h♣........#
......wY..(.....#
................##
##...............#
#....P#...###..##
#(...##+### #..##
#.... #... #...#
#.... .....##..##
#........#


You could see a torpor snail, a yak and 4 wolves.

Vanquished Creatures
  An ogre mage (D:10)
  A death knight (D:10)
  2 two-headed ogres
  A wizard (D:10)
  An orc knight (D:10)
  A manticore (D:10)
  A black mamba (Lair:1)
  Joseph (D:8)
  2 cane toads (Lair:1)
  A gargoyle (D:9)
  4 unseen horror zombies (D:9)
  A rime drake (D:9)
  A kobold demonologist (D:9)
  A komodo dragon (Lair:1)
  A troll (D:10)
  Grinder (D:4)
  A slime creature (D:10)
  A spriggan (shapeshifter) (D:10)
  Sigmund (D:3)
  3 wyverns
  A wraith (D:9)
  A basilisk (Lair:1)
  27 yaks
  A steam dragon (D:9)
  4 vampire mosquitoes (D:9)
  5 water moccasins
  3 acid dragons
  Duvessa (D:6)
  6 orc warriors
  3 black bears
  3 sky beasts
  5 ice beasts (D:9)
  7 centaurs
  2 ogres
  4 wolves (D:9)
  2 phantoms
  3 kobold brigands
  Blork the orc (D:6)
  7 scorpions
  7 bullfrogs
  14 wights
  Dowan (D:6)
  7 killer bees
  A crimson imp (D:7)
  5 centaur zombies (D:9)
  5 hounds
  2 orc priests
  A gnoll bouda (D:8)
  2 jellies
  4 iguanas
  Natasha (thrice) (D:3)
  6 orc wizards
  A howler monkey zombie (D:9)
  9 gnolls
  13 adders
  12 river rats
  A shadow imp (D:5)
  A white imp (D:7)
  An ufetubus (D:6)
  2 worms
  3 dart slugs
  41 orcs
  14 ball pythons
  10 bats
  7 endoplasms
  5 giant cockroaches
  15 hobgoblins
  8 jackals
  15 kobolds
  6 quokkas
  4 frilled lizards
  19 goblins
  11 rats
369 creatures vanquished.

Notes
Turn   | Place    | Note
-------+----------+-------------------------------------------
     0 | D:1      | Ordine the Octopode Shapeshifter began the quest for the
                  | Orb.
     0 | D:1      | Reached XP level 1. HP: 13/13 MP: 1/1
    27 | D:1      | Reached XP level 2. HP: 10/18 MP: 2/2
    83 | D:1      | Reached skill level 1 in Stealth
   105 | D:1      | Found a faded altar of an unknown god.
   199 | D:1      | Reached XP level 3. HP: 23/23 MP: 3/3
   397 | D:1      | You fall into a shaft and drop 1 floor!
   596 | D:1      | Reached XP level 4. HP: 2/28 MP: 4/4
   726 | D:2      | Found Gechy's Antique Weapon Shoppe.
   726 | D:2      | Found Delusien's Distillery.
   740 | D:2      | Bought a potion of curing for 42 gold pieces
   934 | D:2      | Reached skill level 4 in Unarmed Combat
  1008 | D:2      | Reached XP level 5. HP: 32/34 MP: 5/5
  1066 | D:2      | Found Ymao's Distillery.
  1070 | D:2      | Bought a potion of degeneration for 14 gold pieces
  1106 | D:2      | Found Nozua's Antique Armour Shop.
  1211 | D:2      | Found Rago's Assorted Antiques.
  1214 | D:2      | Bought a scroll labelled BISHRI TUIKKIHU for 30 gold pieces
  1520 | D:3      | Found a glowing drain.
  1526 | Sewer    | Entered a sewer
  1659 | Sewer    | Reached XP level 6. HP: 37/39 MP: 6/6
  2332 | D:3      | Identified the +4 flail of the Empty Page {freeze, Fragile
                  | Str+3 Int+2 Stlth+}
  2369 | D:3      | Found a sparkling altar of Nemelex Xobeh.
  2403 | D:3      | Noticed Sigmund
  2418 | D:3      | Identified a scroll of acquirement
  2420 | D:3      | Acquired the ring of Plog {MP+9 Str+2 SInv}
  2511 | D:3      | Noticed Natasha
  2516 | D:3      | Killed Natasha
  2639 | D:3      | Noticed Natasha
  2644 | D:3      | Killed Natasha
  2700 | D:3      | Killed Sigmund
  2701 | D:3      | Reached skill level 5 in Unarmed Combat
  2701 | D:3      | Reached XP level 7. HP: 18/46 MP: 7/7
  3270 | D:3      | Identified the +6 ring mail of Freedom {rC+}
  3369 | D:4      | Found a staircase to the Ecumenical Temple.
  3389 | Temple   | Entered the Ecumenical Temple
  3546 | D:3      | Noticed Natasha
  3553 | D:3      | Killed Natasha
  3656 | D:4      | Noticed Grinder
  3693 | D:4      | Paralysed by Grinder for 2 turns
  3704 | D:4      | Killed Grinder
  3705 | D:4      | Reached skill level 6 in Unarmed Combat
  3705 | D:4      | Reached XP level 8. HP: 36/53 MP: 8/8
  3989 | D:4      | Reached skill level 5 in Stealth
  4273 | D:2      | Bought a potion of heal wounds for 70 gold pieces
  4331 | D:5      | Entered Level 5 of the Dungeon
  4516 | D:5      | Reached skill level 7 in Unarmed Combat
  4988 | D:5      | Found a blossoming altar of Fedhas.
  4989 | D:5      | Found a basalt altar of Yredelemnul.
  4991 | D:5      | Found a broken altar of Ashenzari.
  4992 | D:5      | Found a shimmering altar of Xom.
  4993 | D:5      | Found an iron altar of Okawaru.
  4994 | D:5      | Found a stormy altar of Qazlal.
  4995 | D:5      | Found a snail-covered altar of Cheibriados.
  5120 | Temple   | Became a worshipper of Dithmenos the Shadowed
  5161 | D:5      | Reached skill level 5 in Shapeshifting
  5161 | D:5      | Reached XP level 9. HP: 59/59 MP: 9/9
  5423 | D:6      | Reached skill level 5 in Dodging
  5696 | D:6      | Noticed Duvessa
  5696 | D:6      | Noticed Dowan
  5736 | D:6      | Killed Dowan
  5780 | D:6      | Killed Duvessa
  5889 | D:6      | Found Atas's Distillery.
  5925 | D:6      | Reached skill level 5 in Fighting
  6149 | D:2      | Bought a scroll labelled KANEPN HATSUFE for 30 gold pieces
  6258 | D:6      | Reached skill level 8 in Unarmed Combat
  6446 | D:6      | Noticed Blork the orc
  6477 | D:6      | Killed Blork the orc
  6722 | D:6      | Found Juentaih's Assorted Antiques.
  6731 | D:6      | Bought a fizzy green potion for 22 gold pieces
  6731 | D:6      | Bought a sedimented coppery potion for 22 gold pieces
  6731 | D:6      | Bought a scroll labelled SOVUNI AM LURA for 25 gold pieces
  6743 | D:6      | Reached * piety under Dithmenos
  6748 | D:6      | Identified the +0 helmet of the New World {rN++ Dex+5}
  6800 | D:6      | Found Bozulahu's Weapon Emporium.
  7215 | D:7      | Reached XP level 10. HP: 68/68 MP: 10/10
  7279 | D:7      | Found Anaar's Firing Range.
  7406 | D:7      | Reached skill level 9 in Unarmed Combat
  7717 | D:7      | Found a burning altar of Makhleb.
  7718 | D:7      | Found a radiant altar of Vehumet.
  8282 | D:8      | Reached ** piety under Dithmenos
  8305 | D:8      | Noticed Joseph
  8315 | D:8      | Killed Joseph
  8729 | D:8      | Noticed a two-headed ogre
  8740 | D:8      | Killed a two-headed ogre
  8970 | D:2      | Bought a scroll labelled KANEPN HATSUFE for 30 gold pieces
  9119 | D:9      | Noticed a two-headed ogre
  9123 | D:9      | Killed a two-headed ogre
  9124 | D:9      | Reached skill level 10 in Unarmed Combat
  9260 | D:9      | Reached XP level 11. HP: 71/74 MP: 11/11
  9535 | D:9      | Found a staircase to the Lair.
  9706 | D:9      | Reached *** piety under Dithmenos
  9896 | D:9      | Reached skill level 10 in Stealth
  9906 | D:9      | Reached skill level 1 in Invocations
  9974 | D:9      | Reached skill level 11 in Unarmed Combat
 10806 | D:10     | Entered Level 10 of the Dungeon
 10839 | D:10     | Found a staircase to the Orcish Mines.
 11096 | D:10     | Reached XP level 12. HP: 76/82 MP: 14/14
 11144 | D:10     | Found an ornate altar of the Wu Jian Council.
 11299 | D:10     | Found a glowing golden altar of the Shining One.
 11301 | D:10     | Reached **** piety under Dithmenos
 11461 | D:10     | Noticed a death knight
 11536 | D:10     | Noticed an ogre mage
 11537 | D:10     | Reached skill level 12 in Unarmed Combat
 11544 | D:10     | Killed an ogre mage
 11735 | D:10     | Killed a death knight
 12156 | D:10     | Reached ***** piety under Dithmenos
 12399 | D:10     | Noticed a rakshasa
 12713 | Lair:1   | Entered Level 1 of the Lair of Beasts
 13181 | Lair:1   | HP: 2/126 [torpor snail (11)]
 13182 | Lair:1   | Slain by a wolf

Illustrated notes

Levels and vault maps discovered:
D:1:      reono_arrival_mine, layout_rooms, basic_ecumenical_altar
D:2:      layout_rooms, serial_shops, shop, shop, shop, shop,
          nicolae_shop_real_fake_doors, dreamdust_mushroom_princess
D:3:      minmay_chambers_of_threes, layout_loops_ring,
          nemelex_xobeh_ov_fountains_minmay, gup_sewer_entry_spiral,
          uniq_sigmund, uniq_natasha
D:4:      layout_rooms, minmay_temple_entry_overgrown,
          kennysheep_generic_room_9, uniq_grinder
D:5:      layout_loops_ring, minitemple
D:6:      layout_gridville, serial_shops, shop, shop, nicolae_shop_peninsula,
          uniq_blork_the_orc, uniq_duvessa
D:7:      layout_layer_cave, grunt_temple_overflow_lords_of_destruction,
          kennysheep_decorative_pillar, nicolae_shop_firing_range
D:8:      layout_rooms, corexii_checkpoint_a, dreamdust_princess_bridge,
          uniq_joseph
D:9:      layout_basic, hellmonk_lair_entry_icy, serial_undead, serial_undead_c,
          serial_undead_f, serial_undead_a, serial_undead_c, serial_undead_d,
          serial_undead_c, chequers_serial_rivers_large_b
D:10:     cheibrodos_orc_bank, layout_rooms, lemuel_coloured_pillars_altar,
          mainiacjoe_overflow_concentric_impassable, minmay_shattered_shrine
Temple:   zaba_magenta_temple
Lair:1:   layout_regular_city, lemuel_fruit_tree, uniq_gastronok, uniq_fannar

Skill      XL: |  1  2  3  4  5  6  7  8  9 10 11 12 |
---------------+-------------------------------------+-----
Stealth        | 1 2 3 4 6 7 9 10 | 10.0
Unarmed Combat | 4 5 6 7 8 10 11 12 | 12.6
Fighting       | 2 3 4 5 6 7 8 |  8.8
Dodging        | 3 4 5 7 8 9 |  9.0
Shapeshifting  | 4 5 6 7 8 |  8.3
Invocations    | 2 4 |  4.8

Action                     |  1- 3 |  4- 6 |  7- 9 | 10-12 || total
---------------------------+-------+-------+-------+-------++-------
  Melee: Unarmed           |    71 |   177 |   202 |   400 ||   850
         Constrict         |    14 |    48 |    47 |    61 ||   170
         Tentacles         |    11 |    47 |    53 |   124 ||   235
         Punch             |     4 |     8 |    15 |    43 ||    70
    Use: Scroll            |       |     6 |     2 |    10 ||    18
         Potion            |       |       |     2 |     7 ||     9
   Stab: Sleeping          |     6 |    20 |    13 |    33 ||    72
         Distracted        |     1 |     1 |     3 |     2 ||     7
 Armour: Skin              |    36 |    62 |    95 |   162 ||   355
  Dodge: Dodged            |    54 |    55 |   110 |   271 ||   490

Table legend: (Time is in decaauts)
 A = Elapsed time spent in this place.
 B = Non-inter-level travel time spent in this place.
 C = Inter-level travel time spent in this place.
 D = Time resting spent in this place.
 E = Time spent auto-exploring this place.
 F = Levels seen in this place.
 G = Mean time per level.
                   A        B        C        D        E       F      G
               +--------+--------+--------+--------+--------+-----+--------+
         Total |  13087 |  11581 |   1506 |   1328 |   7803 |  13 | 1006.7 |
       Dungeon |  11983 |  10493 |   1490 |   1328 |   7051 |  10 | 1198.3 |
        Temple |     35 |     20 |     15 |      0 |      0 |   1 |   35.0 |
          Lair |    467 |    467 |      0 |      0 |    380 |   1 |  467.0 |
         Sewer |    600 |    600 |      0 |      0 |    372 |   1 |  600.0 |
               +--------+--------+--------+--------+--------+-----+--------+

Top non-repeatable levels by time:
    D:10: 1784 daAuts
     D:3: 1783 daAuts
     D:9: 1624 daAuts
     D:5: 1345 daAuts
     D:6: 1298 daAuts
     D:7: 1031 daAuts
     D:8: 866 daAuts
     D:4: 849 daAuts
     D:2: 699 daAuts
     D:1: 699 daAuts
   Sewer: 600 daAuts
  Lair:1: 467 daAuts
  Temple: 35 daAuts
